 Dungeon Crawl Stone Soup version 0.32-a0-675-gdc239d62e1 (webtiles) character file.

Game seed: 13187061295608288283

65 jasper the Ducker (level 3, -9/29 HPs)
             Began as a Minotaur Necromancer on Mar 11, 2024.
             Mangled by Crazy Yiuf
             ... wielding a +4 quarterstaff of chaos
              (10 damage)
             ... on level 2 of the Dungeon.
             The game lasted 00:03:07 (2133 turns).

jasper the Ducker (Minotaur Necromancer)            Turns: 2133, Time: 00:03:08

Health: -9/29      AC:  2    Str: 11 (12) XL:     3   Next: 94%
Magic:  0/4        EV: 12    Int:  9 (12) God:
Gold:   127        SH:  0    Dex: 10 (12) Spells: 3/4 levels left

rFire   . .          .
                       - Unarmed
rCold   . . .        (no shield)
rNeg    . . .        a - +0 robe
rPois   .            (helmet restricted)
rElec   .            (no cloak)
rCorr   .            (no gloves)
SInv    .            (no boots)
Will    .....        (no amulet)
Stlth   ++           (no ring)
HPRegen 0.24/turn    (no ring)
MPRegen 0.09/turn

%: no passive effects
@: mighty, lethally poisoned (-9 -> -12)
A: horns 2, retaliatory headbutt, sense surroundings 1, evolution 1
a: no special abilities


You were on level 2 of the Dungeon.
You visited 1 branch of the dungeon, and saw 2 of its levels.

You collected 127 gold pieces.

Inventory:

Missiles
 c - 14 poisoned darts
 d - 19 stones
 k - a throwing net
Armour
 a - a +0 robe (worn)
Talismans
 l - a blade talisman
Scrolls
 f - a scroll of fear
 m - 2 scrolls of identify {unknown}
 n - a scroll of immolation {unknown}
 o - a scroll of poison {unknown}
Potions
 b - a potion of magic
 e - a potion of might
 g - 2 potions of degeneration
 j - a potion of berserk rage {unknown}


   Skills:
 + Level 1.9 Fighting
 + Level 3.0 Dodging
 - Level 1.5 Stealth
 * Level 2.7 Unarmed Combat
 - Level 1.3 Spellcasting
 - Level 2.9 Necromancy


You had 3 spell levels left.
You knew the following spells:

 Your Spells              Type           Power      Damage    Failure   Level
a - Necrotise             Necr           20%        1d5       11%         1

Your spell library contained the following spells:

 Spells                   Type           Power      Damage    Failure   Level
 Vampiric Draining        Necr           5%         2d6       32%         3
 Mercury Vapours          Alch/Air       0%         N/A       47%         2
 Mephitic Cloud           Conj/Alch/Air  0%         N/A       71%         3
 Animate Dead             Necr           5%         N/A       71%         4
 Curse of Agony           Necr           5%         N/A       96%         5
 Freezing Cloud           Conj/Ice/Air   0%         6-21      100%        5


Dungeon Overview and Level Annotations

Branches:
Dungeon (2/15)

Altars:

Annotations:
D:2 Crazy Yiuf


Innate Abilities, Weirdness & Mutations

You have a pair of horns on your head.
You reflexively headbutt those who attack you in melee.
You passively map a small area around you.
You have hidden genetic potential.


Message History

Press: ? - help, Q - select action, (/) - cycle Shift-Dir - straight line, f/p - Crazy Yiuf
Aim: Crazy Yiuf, wielding a +4 quarterstaff of chaos and wearing a +0 cloak (lightly wounded, chance to affect: 59%) Crazy Yiuf writhes in agony.
You feel very sick.
Crazy Yiuf hits you with a +4 quarterstaff of chaos.
You take 8 damage, and have 17/29 hp.
MASSIVE DAMAGE!!
You now have 1/4 mp.
Aiming: Necrotise (safe; 11% risk of failure)
Press: ? - help, Q - select action, (/) - cycle Shift-Dir - straight line, f/p - Crazy Yiuf
Aim: Crazy Yiuf, wielding a +4 quarterstaff of chaos and wearing a +0 cloak (moderately wounded, chance to affect: 59%) Crazy Yiuf resists with significant effort.
You feel very sick. Crazy Yiuf barely misses you.
You take 3 damage, and have 14/29 hp.
You now have 0/4 mp.
Okay, then.
Unknown command.
You hit Crazy Yiuf. You headbutt Crazy Yiuf.
Crazy Yiuf is heavily wounded.
You feel sick.
Crazy Yiuf hits you with a +4 quarterstaff of chaos.
* * * LOW HITPOINT WARNING * * *
You take 6 damage, and have 8/29 hp.
MASSIVE DAMAGE!!
You feel much better.
You feel sick. Crazy Yiuf barely misses you. You furiously retaliate!
You headbutt Crazy Yiuf.
You regained 20 hp, and now have 28/29 hp.
It was a potion of mutation.
You feel extremely strange.
You feel a hidden potential growing inside you.
You feel a strange attunement to the structure of the dungeons.
You feel sick.
Crazy Yiuf screams, "Shower Xom light!"
Crazy Yiuf hits you with a +4 quarterstaff of chaos!
Ouch! That really hurt!
Crazy Yiuf burns you!
* * * LOW HITPOINT WARNING * * *
You take 26 damage, and have 2/29 hp.
MASSIVE DAMAGE!!
It was a potion of might.
You feel very mighty all of a sudden.
* * * LOW HITPOINT WARNING * * *
You feel sick.
Crazy Yiuf hits you with a +4 quarterstaff of chaos!
You die...

#.#.#########
#....# #.#.# #.
..#.###### #....#
##.#.# #÷
###......# ♣....♣
#..#.# #.
.#..####.# ♣♣...♣
##.#.# ##. ###.#
#.# ♣♣.♣♣ #.#.###
#.. ).#.# #.# ♣♣.♣
#.#.#.###.# #.#.#
#.# ♣.♣♣
#.#..#.##.#
....####.# ♣♣.♣
#...###..#.
>........# ♣@♣♣
##.## ##.#.
########## *#g#
####.###[.#) ...
#.##..#.##.#
######## #...#
#....#..##.#
.......#### #).÷#
#.......##.#
..........## #####
#......>....
######.....#
#.##.##.....
##...#### ###
##.##.#......
######.#
#.####..#.........


You could see Crazy Yiuf.

Vanquished Creatures
  An adder (D:2)
  A ribbon worm (D:2)
  2 dart slugs (D:1)
  5 bats
  4 endoplasms
  2 giant cockroaches (D:1)
  2 jackals (D:1)
  8 kobolds
  4 quokkas
  4 ball pythons
  5 frilled lizards
  2 goblins
  6 rats
46 creatures vanquished.

Notes
Turn   | Place    | Note
-------+----------+-------------------------------------------
     0 | D:1      | jasper the Minotaur Necromancer began the quest for the
                  | Orb.
     0 | D:1      | Reached XP level 1. HP: 14/14 MP: 1/1
   248 | D:1      | Reached skill level 1 in Unarmed Combat
   256 | D:1      | Reached XP level 2. HP: 12/22 MP: 0/3
   325 | D:1      | Reached skill level 1 in Fighting
   808 | D:1      | Reached XP level 3. HP: 28/28 MP: 1/4
  1527 | D:2      | Reached skill level 3 in Dodging
  1696 | D:2      | Found a runed translucent door.
  1697 | D:2      | Noticed Crazy Yiuf
  2132 | D:2      | Gained mutation: You have hidden genetic potential. [potion
                  | of mutation]
  2132 | D:2      | Gained mutation: You passively map a small area around you.
                  | [potion of mutation]
  2133 | D:2      | HP: 1/29 [poisoned by Crazy Yiuf]
  2133 | D:2      | Mangled by Crazy Yiuf

Illustrated notes

Levels and vault maps discovered:
D:1:      minmay_arrival_radiant_lines, layout_basic
D:2:      layout_loops_ring, minmay_indecisive_spiral, uniq_crazy_yiuf_cottage

Skill      XL: |  1  2  3 |
---------------+----------+-----
Unarmed Combat | 1 2 |  2.7
Fighting       | 1 |  1.9
Dodging        | 3 |  3.0
Stealth        | |  1.5
Spellcasting   | |  1.3
Necromancy     | |  2.9

Action                     || total
---------------------------++-------
  Melee: Unarmed           ||   109
         Headbutt          ||    19
         Punch             ||     1
   Cast: Necrotise         ||    41
    Use: Potion            ||     8
         Scroll            ||     1
   Stab: Distracted        ||     1
 Armour: Robe              ||    95
  Dodge: Dodged            ||    67

Table legend: (Time is in decaauts)
 A = Elapsed time spent in this place.
 B = Non-inter-level travel time spent in this place.
 C = Inter-level travel time spent in this place.
 D = Time resting spent in this place.
 E = Time spent auto-exploring this place.
 F = Levels seen in this place.
 G = Mean time per level.
                   A        B        C        D        E       F      G
               +--------+--------+--------+--------+--------+-----+--------+
         Total |   2129 |   2105 |     24 |    107 |   1602 |   2 | 1064.5 |
       Dungeon |   2129 |   2105 |     24 |    107 |   1602 |   2 | 1064.5 |
               +--------+--------+--------+--------+--------+-----+--------+

Top non-repeatable levels by time:
     D:1: 1090 daAuts
     D:2: 1038 daAuts
